 Dungeon Crawl Stone Soup version 0.24-a0-194-g9bee6eb (webtiles) character file.

Game seed: 8535008675161359228

2699 nikopol the Thaumaturge (level 9, -2/46 HPs)
             Began as a Deep Elf Fire Elementalist on Mar 18, 2019.
             Was a Believer of Vehumet.
             Slain by a white ugly thing (31 damage)
             ... on level 7 of the Dungeon.
             The game lasted 00:22:05 (7176 turns).

nikopol the Thaumaturge (DEFE)                      Turns: 7176, Time: 00:22:06

Health: -2/46      AC:  2    Str:  5    XL:     9   Next: 38%
Magic:  25/34      EV: 14    Int: 24    God:    Vehumet [**....]
Gold:   139        SH:  3    Dex: 15    Spells: 14/29 levels left

rFire    . . .     SeeInvis .   e - +0 dagger
rCold    . . .     Gourm    .   (no shield)
rNeg     . . .     Faith    .   a - +0 robe
rPois    .         Spirit   .   (no helmet)
rElec    .         Reflect  +   (no cloak)
rCorr    .         Harm     .   (no gloves)
MR       .....                  (no boots)
Stlth    ++........             w - +3 amulet of reflection
HPRegen  0.15/turn              y - ring of wizardry
MPRegen  0.24/turn              v - ring of magical power

@: no status effects
A: no striking features
a: Renounce Religion


You were on level 7 of the Dungeon.
You worshipped Vehumet.
Vehumet was pleased with you.
You were not hungry.

You visited 2 branches of the dungeon, and saw 8 of its levels.

You collected 333 gold pieces.
You spent 194 gold pieces at shops.

Inventory:

Hand Weapons
 e - a +0 dagger (weapon)
Armour
 a - a +0 robe (worn)
Jewellery
 l - an uncursed ring of magical power
 v - a ring of magical power (right hand)
 w - a +3 amulet of reflection (around neck)
 y - a ring of wizardry (left hand)
Wands
 q - a wand of random effects (15)
 A - a wand of clouds (7)
Scrolls
 g - 3 scrolls of teleportation {unknown}
 i - 2 scrolls of magic mapping
 j - 2 scrolls of enchant armour
 m - 4 scrolls of remove curse {unknown}
 n - a scroll of amnesia {unknown}
 p - a scroll of fog {unknown}
 t - a scroll of blinking {unknown}
 u - a scroll of fear {unknown}
 B - a scroll of holy word {unknown}
 C - a scroll of identify
Potions
 b - 2 potions of heal wounds
 d - 2 potions of mutation
 h - a potion of agility {unknown}
 k - 2 potions of degeneration {unknown}
 o - a potion of lignification {unknown}
 r - 2 potions of cancellation {unknown}
 s - a potion of haste {unknown}
 x - a potion of berserk rage {unknown}
 z - a potion of might {unknown}
 D - a potion of curing {unknown}
Comestibles
 c - 8 rations
 f - 2 chunks of flesh


   Skills:
 + Level 0.7 Fighting
 + Level 3.5 Dodging
 + Level 3.6 Stealth
 + Level 10.6 Spellcasting
 + Level 8.1 Conjurations
 + Level 7.6 Fire Magic


You had 14 spell levels left.
You knew the following spells:

 Your Spells              Type           Power        Failure   Level  Hunger
a - Flame Tongue          Conj/Fire      #####        1%          1    None
b - Throw Flame           Conj/Fire      ######       1%          2    None
c - Conjure Flame         Conj/Fire      ######..     1%          3    None
d - Sticky Flame          Conj/Fire      ######..     1%          4    None
e - Fireball              Conj/Fire      ######....   2%          5    ####...

Your spell library contained the following spells:

 Spells                   Type           Power        Failure   Level  Hunger
 Freeze                   Ice            ##..         1%          1    None
 Confusing Touch          Hex            ##....       1%          1    None
 Inner Flame              Hex/Fire       ####....     1%          3    None
 Confuse                  Hex            ##......     6%          3    None
 Gell's Gravitas          Tloc           ##........   6%          3    None
 Petrify                  Tmut/Erth      ##......     21%         4    None
 Metabolic Englaciation   Hex/Ice        ##........   45%         5    ####...
 Yara's Violent Unravell  Hex/Tmut       ##........   45%         5    ####...


Dungeon Overview and Level Annotations

Branches:
Dungeon (7/15)             Temple (1/1) D:4

Altars:
Ashenzari
Elyvilon
Hepliaklqana
Kikubaaqudgha
Nemelex Xobeh
Qazlal
Ru
Sif Muna
Vehumet
Wu Jian
Yredelemnul
The Shining One

Shops:
D:5 ?   D:6 ?   D:7 %

Annotations:
D:4 2 runed translucent doors, Duffy's ghost, amateur OpTm


Message History

Aiming: Flame Tongue (safe; 1% risk of failure)
Press: ? - help, Shift-Dir - straight line, f/p - white ugly thing
Aim: a white ugly thing (flame, moderately wounded, covered in liquid flames)
The flame tongue hits the white ugly thing.
The white ugly thing is moderately wounded.
The white ugly thing burns!
The white ugly thing is engulfed in blazing flames.
The white ugly thing closely misses you.
Casting: Flame Tongue (safe; 1% risk of failure)
Confirm with . or Enter, or press ? or * to list all spells.
Aiming: Flame Tongue (safe; 1% risk of failure)
Press: ? - help, Shift-Dir - straight line, f/p - white ugly thing
Aim: a white ugly thing (flame, heavily wounded, covered in liquid flames)
The flame tongue hits the white ugly thing!
The white ugly thing is severely wounded.
The white ugly thing burns!
The white ugly thing is engulfed in blazing flames.
The white ugly thing gores you! The white ugly thing freezes you!!
Ouch! That really hurt!
You die...

#.###..###....<.÷.....#.......##.
##.....#.###...#########.....###.
#.##..##...###..## #.....###.
......#....† #...## #.........
###..##..#..###...## #.#.#....# #
####..)...'(###..## #.#.#.####
'#...##...#...## #.#.#.# ##
#...##....###.#.#.####
###ou@.....##......(..
###......####.#....#
###....####.####(# ###.......#
#.# ######### #.# #.# ### #.#
#.### #.# #...# ##.#


You could see a white ugly thing (burning) and an orc.

Vanquished Creatures
  Grinder (D:3)
  A hippogriff (D:7)
  A hungry ghost (D:4)
  Menkaure (D:5)
  A water moccasin (D:7)
  An orc warrior (D:6)
  A sky beast (D:5)
  A black bear (D:5)
  2 ogres
  2 phantoms
  2 centaurs (D:7)
  2 bullfrogs
  2 scorpions
  A killer bee (D:7)
  4 howler monkeys
  A jelly (D:5)
  3 orc priests
  5 orc wizards
  A bullfrog skeleton (D:6)
  3 hounds
  6 worker ants
  10 adders
  A white imp (D:7)
  An ooze (D:1)
  An adder skeleton (D:4)
  5 worms
  2 dart slugs (D:3)
  7 leopard geckos
  32 orcs
  A ball python (D:5)
  10 bats
  8 giant cockroaches
  12 hobgoblins
  4 jackals
  3 quokkas
  2 frilled lizards
  9 goblins
  12 kobolds
  4 rats
166 creatures vanquished.

Notes
Turn   | Place    | Note
-------+----------+-------------------------------------------
     0 | D:1      | nikopol the Deep Elf Fire Elementalist began the quest for
                  | the Orb.
     0 | D:1      | Reached XP level 1. HP: 10/10 MP: 6/6
   384 | D:1      | Reached XP level 2. HP: 8/15 MP: 0/8
   863 | D:2      | Reached XP level 3. HP: 19/19 MP: 3/10
  1192 | D:2      | Learned a level 2 spell: Throw Flame
  1196 | D:2      | Learned a level 3 spell: Conjure Flame
  1304 | D:2      | Reached XP level 4. HP: 24/24 MP: 6/11
  1313 | D:2      | Learned a level 4 spell: Sticky Flame
  1339 | D:2      | Reached skill level 4 in Spellcasting
  1845 | D:3      | Found a white marble altar of Elyvilon.
  2130 | D:3      | Reached XP level 5. HP: 25/28 MP: 9/13
  2281 | D:3      | Found a stormy altar of Qazlal.
  2754 | D:4      | Noticed Grinder
  2849 | D:3      | Killed Grinder
  2849 | D:3      | Reached skill level 5 in Spellcasting
  2849 | D:3      | Reached skill level 5 in Fire Magic
  2849 | D:3      | Reached XP level 6. HP: 17/32 MP: 4/16
  3065 | D:4      | Found a large runed translucent door.
  3067 | D:4      | Found a large runed translucent door.
  3070 | D:4      | Noticed Duffy's ghost (amateur OpTm)
  3133 | D:4      | Reached skill level 6 in Spellcasting
  3487 | D:4      | Noticed a hungry ghost
  3499 | D:4      | Killed a hungry ghost
  3499 | D:4      | Reached XP level 7. HP: 23/36 MP: 1/18
  3704 | D:4      | Reached skill level 7 in Spellcasting
  3711 | D:4      | Reached skill level 5 in Conjurations
  3896 | D:4      | Found a staircase to the Ecumenical Temple.
  3905 | Temple   | Entered the Ecumenical Temple
  3931 | Temple   | Became a worshipper of Vehumet
  4125 | D:5      | Entered Level 5 of the Dungeon
  4372 | D:5      | Reached skill level 8 in Spellcasting
  4559 | D:5      | Noticed Menkaure
  4614 | D:5      | Reached XP level 8. HP: 41/41 MP: 15/22
  4644 | D:5      | Killed Menkaure
  4729 | D:5      | Found Muimaudu's Magic Scroll Boutique.
  4893 | D:5      | Reached * piety under Vehumet
  4893 | D:5      | Offered knowledge of Magic Dart by Vehumet.
  4920 | D:5      | Found a sparkling altar of Nemelex Xobeh.
  5107 | D:5      | Found an ornate altar of the Wu Jian Council.
  5107 | D:5      | Found a hazy altar of Hepliaklqana.
  5302 | D:6      | Reached skill level 9 in Spellcasting
  5687 | D:6      | Learned a level 5 spell: Fireball
  6106 | D:6      | Found Xatyrhod's Magic Scroll Boutique.
  6109 | D:6      | Bought a scroll of identify for 30 gold pieces
  6109 | D:6      | Bought a scroll of magic mapping for 52 gold pieces
  6109 | D:6      | Bought a scroll of enchant armour for 112 gold pieces
  6463 | D:7      | Reached XP level 9. HP: 37/46 MP: 24/24
  6692 | D:7      | Reached skill level 10 in Spellcasting
  6832 | D:7      | Found Pasiodib's Food Emporium.
  6951 | D:7      | Reached ** piety under Vehumet
  6969 | D:7      | Offered knowledge of Freeze by Vehumet.
  7043 | D:7      | Noticed a white ugly thing
  7176 | D:7      | Slain by a white ugly thing

Levels and vault maps discovered:
D:1:      mrwooster_arrival_statue_2, layout_loops_cross
D:2:      layout_rooms
D:3:      layout_basic, elyvilon_altar_4, nicolae_qazlal_eye_of_the_storm
D:4:      layout_basic, temple_hall, first_ration, ebering_ghost_disaster_area,
          uniq_grinder
D:5:      black_bear_nest_1, layout_basic, gammafunk_temple_overflow_statue,
          serial_shops, shop, nemelex_spade_bored_becter, uniq_menkaure
D:6:      layout_layer_cave, serial_glass, glass_columns_b, glass_columns_a,
          serial_shops, nicolae_shop_behind_doors
D:7:      minmay_slanted_spiral_squares, layout_loops_ring, serial_shops,
          nicolae_shop_statue_plus, minmay_fire_ice_demons
Temple:   eino_temple_water

Skill      XL: |  1  2  3  4  5  6  7  8  9 |
---------------+----------------------------+-----
Fire Magic     | 4 5 7 |  7.6
Conjurations   | 2 3 4 5 7 8 |  8.1
Spellcasting   | 4 5 6 8 9 10 | 10.6
Dodging        | 3 |  3.5
Stealth        | 3 |  3.6
Fighting       | |  0.7

Action                   |  1- 3 |  4- 6 |  7- 9 || total
-------------------------+-------+-------+-------++-------
Melee: Dagger            |     1 |       |     8 ||     9
 Cast: Flame Tongue      |    66 |   135 |   160 ||   361
       Throw Flame       |     1 |    13 |    24 ||    38
       Sticky Flame      |       |     1 |    15 ||    16
       Conjure Flame     |       |       |     7 ||     7
       Fireball          |       |       |     3 ||     3
  Use: Scroll            |       |       |     3 ||     3
  Eat: Chunk             |     1 |     7 |    11 ||    19
       Ration            |       |       |     1 ||     1
Armor: Robe              |     3 |     3 |     7 ||    13
Dodge: Dodged            |    22 |    39 |    51 ||   112

Table legend:
 A = Non-vault XP
 B = Vault XP
 C = Vault XP percentage of total XP
 D = Non-vault monster count
 E = Vault monster count
 F = Vault count percentage of total count
                 A         B        C        D         E       F
            +---------+---------+-------+---------+---------+-------
      Total |    3094 |     762 |  19.8 |     156 |      10 |   6.0
            +---------+---------+-------+---------+---------+-------
        D:1 |      34 |       0 |   0.0 |      16 |       0 |   0.0
        D:2 |      84 |       0 |   0.0 |      29 |       0 |   0.0
        D:3 |     153 |     262 |  63.1 |      33 |       1 |   2.9
        D:4 |     523 |       0 |   0.0 |      25 |       0 |   0.0
        D:5 |     630 |     295 |  31.9 |      24 |       2 |   7.7
        D:6 |     632 |       0 |   0.0 |      17 |       0 |   0.0
        D:7 |    1038 |     205 |  16.5 |      12 |       7 |  36.8
            +---------+---------+-------+---------+---------+-------
